 Dungeon Crawl Stone Soup version 0.28.0 (webtiles) character file.

Game seed: 6164057736837709912

1855 bande the Chopper (level 9, -2/54 HPs)
             Began as a Gargoyle Fighter on Feb 14, 2022.
             Was an Elder of Okawaru.
             Killed by divine providence
             ... invoked by an orc priest
              (13 damage)
             ... on level 6 of the Dungeon.
             The game lasted 00:16:18 (8057 turns).

bande the Chopper (Gargoyle Fighter)                Turns: 8057, Time: 00:16:18

Health: -2/54      AC: 22    Str: 21    XL:     9   Next: 12%
Magic:  12/12      EV:  9    Int: 14    God:    Okawaru [****..]
Gold:   1471       SH:  5    Dex: 13    Spells: 8/8 levels left

rFire   x . .      SeeInvis .   m - +0 hand axe (flame)
rCold   . . .      Faith    +   c - +0 buckler
rNeg    + . .      Spirit   .   k - +5 scale mail "Iqoaxat" {rPois rF- Int+6 Slay+3}
rPois   ∞          Reflect  .   i - +0 helmet
rElec   +          Harm     .   j - +1 cloak {Will+}
rCorr   .          Rampage  .   (no gloves)
Will    +....                   (no boots)
Stlth   ..........              f - amulet of faith
HPRegen 0.18/turn               l - ring of flight
MPRegen 0.13/turn               s - +4 ring of slaying

@: flying
A: sickness immunity, AC +6, negative energy resistance 1, electricity
resistance, torment resistance 1, petrification resistance
a: Renounce Religion, Heroism, Finesse


You were on level 6 of the Dungeon.
You worshipped Okawaru.
Okawaru was greatly pleased with you.
You visited 2 branches of the dungeon, and saw 8 of its levels.

You collected 1471 gold pieces.

Inventory:

Hand Weapons
 a - a +0 war axe
 b - a +3 mace
 m - a +0 hand axe of flaming (weapon)
Armour
 c - a +0 buckler (worn)
 i - a +0 helmet (worn)
 j - a +1 cloak of willpower (worn)
 k - the +5 scale mail "Iqoaxat" (worn) {rPois rF- Int+6 Slay+3}
   (You found it on level 3 of the Dungeon)

   Int:       It affects your intelligence (+6).
   Slay:      It affects your accuracy & damage with ranged weapons and melee
   (+3).
   rF:        It makes you vulnerable to fire.
   rPois:     It protects you from poison.
Jewellery
 f - an amulet of faith (around neck)
 l - a ring of flight (left hand)
 s - a +4 ring of slaying (right hand)
Wands
 n - a wand of polymorph (15)
 q - a wand of iceblast (7)
Scrolls
 g - 5 scrolls of teleportation
 p - 2 scrolls of holy word
Potions
 d - 3 potions of might
 e - 2 potions of heal wounds
 h - 4 potions of curing
 r - a potion of invisibility
 t - a potion of cancellation


   Skills:
 + Level 5.3 Fighting
 + Level 6.6 Axes
 + Level 6.4 Armour
 + Level 5.1 Shields
 * Level 4.5 Invocations
 * Level 2.6 Evocations


You had 8 spell levels left.
You didn't know any spells.
Your spell library contained the following spells:

 Spells                   Type           Power      Damage    Failure   Level
 Pain                     Necr           0%         1d4       67%         1
 Passage of Golubria      Tloc           0%         N/A       100%        4
 Agony                    Necr           0%         N/A       100%        5
 Excruciating Wounds      Necr           0%         N/A       100%        5
 Yara's Violent Unravell  Hex/Tmut       0%         3d3       100%        5
 Tukima's Dance           Hex            Unusable   N/A       N/A         3

Dungeon Overview and Level Annotations

Branches:
Dungeon (7/15)             Temple (1/1) D:4

Altars:
Cheibriados
Dithmenos
Fedhas
Gozag
Nemelex Xobeh
Okawaru
Sif Muna
Trog
Vehumet
Wu Jian
Xom
Zin
The Shining One

Shops:
D:1 [   D:6 =


Innate Abilities, Weirdness & Mutations

You are immune to sickness and miasma.
Your stone body is resilient. (AC +6)
You are immune to poison.
You resist negative energy. (rN+)
You are resistant to electric shocks. (rElec)
You are resistant to unholy torment.
You are immune to petrification.


Message History

You slash the centaur skeleton! You burn the centaur skeleton.
The centaur skeleton is moderately damaged.
The centaur skeleton hits you but does no damage.
The centaur skeleton barely misses you.
You slash the centaur skeleton! You burn the centaur skeleton!
You destroy the centaur skeleton!
Okawaru accepts your kill.
The orc priest mumbles some strange prayers to Beogh against you.
Beogh smites you!
You hit the orc priest. You burn the orc priest.
The orc priest is lightly wounded.
The orc priest calls down the wrath of Beogh upon you.
Beogh smites you! The orc priest closely misses you.
The orc priest miscasts a cantrip.
The orc priest mumbles some strange prayers to Beogh against you.
Beogh smites you!
You fly upwards.
There is a stone staircase leading down here.
You hit the orc priest but do no damage.
The orc priest is lightly wounded.
The orc priest hits you but does no damage.
You hit the orc priest but do no damage.
The orc priest is lightly wounded.
The orc priest closely misses you.
You hit the orc priest. You burn the orc priest.
The orc priest is severely wounded.
The orc priest calls down the wrath of Beogh upon you.
Beogh smites you!
* * * LOW HITPOINT WARNING * * *
You hit the orc priest. You burn the orc priest.
The orc priest is almost dead.
The orc priest hits you but does no damage.
You hit the orc priest but do no damage.
The orc priest is almost dead.
The orc priest miscasts a cantrip.
You hit the orc priest but do no damage.
The orc priest is almost dead.
The orc priest calls down the wrath of Beogh upon you.
Beogh smites you!
You die...

...............##.≈≈≈≈≈.##.#
.....#.##########..≈≈≈..##.#
####............#⌠..∩..⌠#..#
#.#..........#########..###
#.########........#.#.#...#
##'########........#.(.##.##
#....#.............#.......#
###....#.....#.#####.#########
.......#.....#.[@o...#<..†..#
..######.###.#########.####.#
..).#..#.# #.##...........#.#
.)).#..### #.##.######.##.#.#
.#.....########.# #....#.#
.#....#..#...##.# ######.#
####)....#...##.# #.#
###...#.....###### #.#
......#..#....#..##########.##


You could see an orc priest.

Vanquished Creatures
  Eustachio (D:6)
  2 orc warriors (D:6)
  A sky beast (D:6)
  2 ogres
  A necrophage (D:6)
  2 kobold brigands (D:6)
  2 scorpions
  A wyvern skeleton (D:6)
  3 killer bees (D:6)
  2 howler monkeys (D:7)
  An orc priest (D:4)
  A centaur skeleton (D:7)
  7 hounds
  A bullfrog skeleton (D:5)
  An iguana (D:4)
  2 orc wizards (D:6)
  A killer bee zombie (D:6)
  A hound zombie (D:5)
  2 hound skeletons (D:4)
  10 adders
  A howler monkey skeleton (D:4)
  An ufetubus (D:5)
  An adder skeleton (D:5)
  2 dart slugs
  16 orcs
  8 ball pythons
  6 endoplasms
  2 giant cockroaches
  4 goblins
  10 hobgoblins
  3 jackals
  14 kobolds
  7 quokkas
  4 bats
  7 frilled lizards
  3 rats
133 creatures vanquished.

Vanquished Creatures (others)
  3 plants
3 creatures vanquished.

Grand Total: 136 creatures vanquished

Notes
Turn   | Place    | Note
-------+----------+-------------------------------------------
     0 | D:1      | bande the Gargoyle Fighter began the quest for the Orb.
     0 | D:1      | Reached XP level 1. HP: 14/14 MP: 1/1
   221 | D:1      | Found a faded altar of an unknown god.
   477 | D:1      | Reached XP level 2. HP: 19/19 MP: 2/2
   557 | D:1      | Found Wunommun's Armour Shop.
   903 | D:1      | You fall into a shaft and drop 1 floor!
  1056 | D:2      | Reached XP level 3. HP: 19/23 MP: 3/3
  1684 | D:2      | Found a bloodstained altar of Trog.
  2205 | D:2      | Reached XP level 4. HP: 29/29 MP: 4/4
  2591 | D:3      | Identified the +5 scale mail "Iqoaxat" {rPois rF- Int+6
                  | Slay+3}
  3468 | D:4      | Identified a scroll of acquirement
  3468 | D:4      | Acquired 736 gold pieces
  3486 | D:4      | Found a staircase to the Ecumenical Temple.
  3493 | D:4      | Reached XP level 5. HP: 33/33 MP: 5/5
  3499 | Temple   | Entered the Ecumenical Temple
  3538 | Temple   | Became a worshipper of Warmaster Okawaru
  3624 | D:4      | Noticed an ogre
  3630 | D:4      | Killed an ogre
  3631 | D:4      | Reached skill level 1 in Invocations
  3722 | D:4      | Reached XP level 6. HP: 36/38 MP: 6/6
  4153 | D:4      | Found an opulent altar of Gozag.
  4493 | D:4      | Reached * piety under Okawaru
  4998 | D:5      | Entered Level 5 of the Dungeon
  5019 | D:5      | Reached XP level 7. HP: 10/44 MP: 8/8
  5314 | D:5      | Found a radiant altar of Vehumet.
  5402 | D:5      | Reached skill level 5 in Axes
  5471 | D:5      | Reached skill level 5 in Armour
  5474 | D:5      | Reached ** piety under Okawaru
  5630 | D:5      | Found a shadowy altar of Dithmenos.
  5818 | D:6      | Reached XP level 8. HP: 40/48 MP: 10/10
  5824 | D:6      | Reached skill level 1 in Evocations
  6430 | D:6      | Found a glowing silver altar of Zin.
  6575 | D:6      | Reached *** piety under Okawaru
  6593 | D:6      | Found Tiehi's Jewellery Shop.
  6725 | D:6      | Reached skill level 5 in Fighting
  6807 | D:6      | Noticed Eustachio
  6842 | D:6      | Killed Eustachio
  6921 | D:6      | Found a shimmering altar of Xom.
  7225 | D:6      | Reached skill level 5 in Shields
  7225 | D:6      | Reached XP level 9. HP: 18/54 MP: 12/12
  7647 | D:6      | Reached **** piety under Okawaru
  8057 | D:6      | Killed from afar by an orc priest

Illustrated notes

Levels and vault maps discovered:
D:1:      sevenhm_arrival_forest_fort_small_1, layout_loops_corners,
          serial_shops, shop, shapermc_ecumenical_altar_mp_ritualfount
D:2:      layout_loops_corners, basic_altar, minmay_shallow_snake_nest
D:3:      layout_loops_corners, grunt_ministairs_13, serial_bayou_pond_b
D:4:      minmay_polygon_palace, layout_basic, grunt_gozag_statues,
          minmay_temple_entry_proselytizer, kennysheep_another_room,
          kennysheep_cross_bottleneck, grunt_ministairs_9
D:5:      layout_cave_pools, amcnicky_altar_gilded, nicolae_vehumet_radiance
D:6:      layout_basic, mainiacjoe_overflow_catwalk,
          mainiacjoe_overflow_tiny_flanked, serial_shops,
          nicolae_lakefront_shop, hangedman_decor_push, uniq_eustachio
D:7:      layout_rooms
Temple:   jpeg_temple_island

Skill      XL: |  1  2  3  4  5  6  7  8 |
---------------+-------------------------+-----
Axes           | 2 3 4 5 6 |  6.6
Armour         | 4 5 6 |  6.4
Fighting       | 4 5 |  5.3
Invocations    | 1 2 3 4 |  4.5
Shields        | 4 5 |  5.1
Evocations     | 2 |  2.6

Action                   |  1- 3 |  4- 6 |  7- 9 || total
-------------------------+-------+-------+-------++-------
Melee: War axe           |   117 |   146 |       ||   263
       Hand axe          |       |     9 |   216 ||   225
  Use: Scroll            |     2 |     3 |     9 ||    14
Armor: Scale mail        |    66 |   103 |   175 ||   344
Dodge: Dodged            |    56 |    66 |    99 ||   221
Block: Buckler           |    23 |    48 |    52 ||   123
